 Dungeon Crawl Stone Soup version 0.22-a0-458-gb446440 (webtiles) character file.

4 namelastname112 the Grasshopper (level 1, -3/12 HPs)
             Began as a Deep Elf Warper on June 8, 2018.
             Slain by a leopard gecko (4 damage)
             ... on level 1 of the Dungeon.
             The game lasted 00:00:49 (368 turns).

namelastname112 the Grasshopper (Deep Elf Warper)    Turns: 368, Time: 00:00:50

Health: -3/12      AC:  3    Str:  8    XL:     1   Next: 58%
Magic:  15/15      EV: 12    Int: 17    God:
Gold:   0          SH:  0    Dex: 14    Spells: 6/6 levels left

rFire    . . .     SeeInvis .   a - +0 short sword
rCold    . . .     Gourm    .   (no shield)
rNeg     . . .     Faith    .   b - +0 leather armour
rPois    .         Spirit   .   (no helmet)
rElec    .         Reflect  .   (no cloak)
rCorr    .         Harm     .   (no gloves)
MR       .....                  (no boots)
Stlth    +.........             (no amulet)
HPRegen  0.04/turn              c - ring of magical power
MPRegen  0.14/turn              (no ring)

@: no status effects
A: no striking features
a: no special abilities


You were on level 1 of the Dungeon.
You were not hungry.

You visited 1 branch of the dungeon, and saw 1 of its levels.

Inventory:

Hand Weapons
 a - a +0 short sword (weapon)
Missiles
 e - 5 tomahawks of dispersal (quivered)
Armour
 b - a +0 leather armour (worn)
Jewellery
 c - a ring of magical power (left hand)
Scrolls
 d - a scroll of blinking
 g - a scroll of fear {unknown}
Comestibles
 f - 2 rations


   Skills:
 + Level 1.6 Fighting
 + Level 2.0 Short Blades
 + Level 1.1 Throwing
 + Level 0.9 Armour
 + Level 2.5 Dodging
 + Level 0.2 Stealth
 + Level 3.1 Spellcasting
   Level 3.2 Translocations


You had 6 spell levels left.
You didn't know any spells.
Your spell library contained the following spells:

 Spells                   Type           Power        Failure   Level  Hunger
 Teleport Other           Tloc           ##......     19%         3    ###....
 Blink                    Tloc           N/A          10%         2    ##.....
 Passage of Golubria      Tloc           N/A          54%         4    ####...
 Shroud of Golubria       Chrm/Tloc      #.........   19%         2    ##.....
 Gell's Gravitas          Tloc           ##........   19%         3    ###....
 Lesser Beckoning         Tloc           ##........   19%         3    ###....


Dungeon Overview and Level Annotations

Branches:
Dungeon (1/15)

Altars:


Message History

You are too injured to fight recklessly!
You are too injured to fight recklessly!
You are too injured to fight recklessly!
You are too injured to fight recklessly!
You hit the leopard gecko but do no damage.
The leopard gecko is severely wounded.
The bat hits you but does no damage. The leopard gecko barely misses you.
You closely miss the leopard gecko.
The leopard gecko is severely wounded.
The bat misses you. The leopard gecko closely misses you.
You closely miss the leopard gecko.
The leopard gecko is severely wounded.
The bat hits you but does no damage. x2
The leopard gecko bites you but does no damage.
You barely miss the leopard gecko.
The leopard gecko is severely wounded.
The bat hits you.
* * * LOW HITPOINT WARNING * * *
The bat hits you but does no damage. The leopard gecko bites you.
You die...

#.##.......>.#
##.##............... #
#.##............... .#
##÷#...≈≈≈≈.......##.#
#.#..≈≈≈≈≈≈.........#
#.÷..≈≈≈≈≈≈.........#
#.#...≈≈≈≈≈...#....#
#.#...≈≈≈≈....#l...#
[##...........@†...#
#. #...........#b$..#
.# ##..........#....#
.# #..........#....# #
#......#####....#
######......## ...(#
....##.......# ....#
.##.##...(...# #####
.##.########.#


You could see a leopard gecko and a bat.

Vanquished Creatures
  5 frilled lizards (D:1)
  2 rats (D:1)
7 creatures vanquished.

Notes
Turn   | Place    | Note
-------+----------+-------------------------------------------
     0 | D:1      | namelastname112 the Deep Elf Warper began the quest for the Orb.
     0 | D:1      | Reached XP level 1. HP: 12/12 MP: 6/6
   368 | D:1      | Slain by a leopard gecko

Vault maps used:
D:1:      dpeg_arrival_another_circle, minmay_lizard_pond

Action                   || total
-------------------------++-------
Melee: Short sword       ||    40
Armor: Leather armour    ||    12
Dodge: Dodged            ||    33

Table legend:
 A = Spawn XP
 B = Non-spawn XP
 C = Spawn XP percentage of total XP
 D = Spawn monster count
 E = Non-spawn monster count
 F = Spawn count percentage of total count
 G = Total turns spent on level
                    A         B        C        D         E        F      G
               +---------+---------+-------+---------+---------+-------+---------
         Total |       0 |       7 |   0.0 |       0 |       7 |   0.0 |   368
               +---------+---------+-------+---------+---------+-------+---------
           D:1 |       0 |       7 |   0.0 |       0 |       7 |   0.0 |   368
               +---------+---------+-------+---------+---------+-------+---------
